 Dungeon Crawl Stone Soup version 0.20.1-1-g8b1a95d (console) character file.

174 hilaritas the Firebug (level 5, 0/28 HPs)
             Began as a Deep Elf Fire Elementalist on Sept 23, 2017.
             Was a Follower of Sif Muna.
             Slain by an orc wizard
             ... wielding a +0 scythe
              (14 damage)
             ... on level 3 of the Dungeon.
             The game lasted 00:09:10 (3809 turns).

hilaritas the Firebug (Deep Elf Fire Elementalist)  Turns: 3809, Time: 00:09:11

Health: 0/28       AC:  3    Str:  6    XL:     5   Next: 28%
Magic:  0/13       EV: 13    Int: 20    God:    Sif Muna [*.....]
Gold:   95         SH:  0    Dex: 15    Spells: 1/12 levels left

rFire    . . .     SeeInvis .   q - +1 dagger (venom)
rCold    . . .     Gourm    .   (no shield)
rNeg     . . .     Faith    .   a - +0 robe
rPois    .         Spirit   .   (no helmet)
rElec    .         Reflect  .   (no cloak)
rCorr    .         Harm     .   (no gloves)
MR       .....                  j - +0 pair of boots
Stlth    ++........             (no amulet)
Regen    0.1/turn               (no ring)
MPRegen  0.2/turn               (no ring)

@: flying
A: no striking features
a: Divine Energy, Renounce Religion


You were on level 3 of the Dungeon.
You worshipped Sif Muna.
Sif Muna was aware of your devotion.
You were hungry.

You visited 1 branch of the dungeon, and saw 3 of its levels.
You also visited: Sewer.

You collected 95 gold pieces.

Inventory:

Hand Weapons
 h - a +0 whip of electrocution
 q - a +1 dagger of venom (weapon)
Armour
 a - a +0 robe (worn)
 j - a +0 pair of boots (worn)
Scrolls
 d - a scroll of magic mapping {unknown}
 e - 2 scrolls of immolation {unknown}
 f - 2 scrolls of amnesia {unknown}
 g - a scroll of random uselessness {unknown}
 k - a scroll of noise {unknown}
 m - a scroll of remove curse {unknown}
 o - 3 scrolls of teleportation {unknown}
 v - a scroll of fear {unknown}
 w - a scroll of blinking {unknown}
Potions
 n - a potion of curing
 p - 2 potions of heal wounds {unknown}
 s - a potion of lignification {unknown}
 t - 4 potions of flight
 u - a potion of invisibility {unknown}
Books
 b - a book of Flames

   Spells                             Type                      Level
   a - Flame Tongue                   Conjuration/Fire             1
   b - Throw Flame                    Conjuration/Fire             2
   c - Conjure Flame                  Conjuration/Fire             3
   d - Inner Flame                    Hexes/Fire                   3
   e - Sticky Flame                   Conjuration/Fire             4
   f - Fireball                       Conjuration/Fire             5
Comestibles
 c - a bread ration
 i - a meat ration
 l - 6 fruits
 r - 3 royal jellies


   Skills:
 - Level 2.4 Dodging
 - Level 2.4 Stealth
 * Level 4.0 Spellcasting
 - Level 3.0 Conjurations
 - Level 5.0 Fire Magic
 * Level 1.8 Invocations


You had one spell level left.
You knew the following spells:

 Your Spells              Type           Power        Failure   Level  Hunger
a - Flame Tongue          Conj/Fire      ###..        2%          1    None
b - Throw Flame           Conj/Fire      ###...       3%          2    #......
c - Conjure Flame         Conj/Fire      ###.....     8%          3    ###....
d - Fireball              Conj/Fire      ###.......   56%         5    ######.


Dungeon Overview and Level Annotations

Branches:
Dungeon (3/15)

Altars:
Cheibriados
Gozag
Ru
Sif Muna


Message History

You fly up into the air.
It was a potion of curing.
You feel better.
The orc wizard gestures wildly while chanting.
The orc wizard flickers and vanishes!
Deactivating autopickup; reactivate with Ctrl-A.
Casting: Flame Tongue
Confirm with . or Enter, or press ? or * to list all spells.
Aiming: Flame Tongue
Press: ? - help, Shift-Dir - straight line, f - goblin
Aim: a goblin, wielding a dagger (severely wounded)
The flame tongue misses the goblin.
The flame tongue hits the kobold.
You kill the kobold!
Sif Muna accepts your kill.
You can now request divine energy to cast spells with insufficient magic.
Something completely misses you. Something barely misses you.
Something hits you.
You barely miss something. Something hits you!
Ouch! That really hurt!
You die... ## ....... .#. ..... .... ...). ...... ## ... ....(.. .#... .Sw

(....... ..... #g#
......[....... #{# #.
..............##@###....
..........#...?#........
..).)....##.##..)##.....
.............!...#..>...
............##..........
............(...........
....>....(.#?.....#.....
##...#....l#............
...........#............
##.....#.###......#.....
#........###........##.#


You could see an adder, a dart slug and a goblin.

Vanquished Creatures
  A crimson imp (D:3)
  3 adders
  An ooze (D:2)
  7 worms
  A dart slug (D:1)
  3 leopard geckos (Sewer)
  5 orcs (D:3)
  2 ball pythons
  19 bats
  4 giant cockroaches
  6 goblins
  4 hobgoblins
  4 jackals (Sewer)
  5 frilled lizards
  9 kobolds
  6 rats
80 creatures vanquished.

Notes
Turn   | Place    | Note
-------+----------+-------------------------------------------
     0 | D:1      | hilaritas the Deep Elf Fire Elementalist began the quest for the Orb.
     0 | D:1      | Reached XP level 1. HP: 10/10 MP: 6/6
   228 | D:1      | Reached XP level 2. HP: 15/15 MP: 6/8
   530 | D:1      | Learned a level 2 spell: Throw Flame
   622 | D:1      | Reached skill level 4 in Fire Magic
  1040 | D:2      | Reached XP level 3. HP: 19/19 MP: 3/9
  1053 | D:2      | Learned a level 3 spell: Conjure Flame
  1607 | D:2      | Found a deep blue altar of Sif Muna.
  1617 | D:2      | Became a worshipper of Sif Muna the Loreminder
  1642 | D:2      | Found an opulent altar of Gozag.
  1643 | D:2      | Found a snail-covered altar of Cheibriados.
  2053 | D:2      | Found a sacrificial altar of Ru.
  2625 | D:3      | Reached XP level 4. HP: 20/24 MP: 2/10
  2628 | D:3      | Found a glowing drain.
  2644 | Sewer    | Entered a sewer
  3119 | Sewer    | Reached skill level 5 in Fire Magic
  3406 | D:3      | Reached skill level 1 in Invocations
  3462 | D:3      | Reached XP level 5. HP: 13/28 MP: 10/12
  3480 | D:3      | Learned a level 5 spell: Fireball
  3804 | D:3      | Reached * piety under Sif Muna
  3809 | D:3      | Slain by an orc wizard

Skill      XL: |  1  2  3  4  5 |
---------------+----------------+-----
Conjurations   | 2 3 |  3.0
Fire Magic     | 4 5 |  5.0
Invocations    | 1 |  1.8
Spellcasting   | 4 |  4.0
Dodging        | |  2.4
Stealth        | |  2.4

Action                   |  1- 3 |  4- 6 || total
-------------------------+-------+-------++-------
Melee: Whip              |    12 |       ||    12
       Dagger            |     4 |    57 ||    61
 Cast: Flame Tongue      |    84 |    40 ||   124
       Throw Flame       |     5 |    11 ||    16
       Conjure Flame     |       |     1 ||     1
  Use: Potion            |       |     2 ||     2
 Stab: Sleeping          |     1 |     1 ||     2
  Eat: Chunk             |     5 |     4 ||     9
Armor: Robe              |    11 |    12 ||    23
Dodge: Dodged            |    36 |    52 ||    88
